 Dungeon Crawl Stone Soup version 0.17.1-3-g152610e (webtiles) character file.

51 MenacingMecha the Sneak (level 3, 0/24 HPs)
             Began as a Merfolk Enchanter on Mar 13, 2016.
             Slain by a worm (6 damage)
             ... on level 1 of the Dungeon.
             The game lasted 00:06:23 (1716 turns).

MenacingMecha the Sneak (Merfolk Enchanter)         Turns: 1716, Time: 00:06:23

Health: 0/24       AC:  3    Str:  8    XL:     3   Next: 81%
Magic:  0/6        EV: 13    Int: 15    God:
Gold:   53         SH:  0    Dex: 14    Spells: 3 memorised, 0 levels left

rFire  . . .     SeeInvis .     o - +1 short sword (venom)
rCold  . . .     Clarity  .     b - +1 robe
rNeg   . . .     SustAt   .     (no shield)
rPois  .         Gourm    .     (no helmet)
rElec  .         Spirit   .     (no cloak)
rCorr  .         Warding  .     (no gloves)
rMut   .         Stasis   .     (no boots)
MR     .....                    (no amulet)
Stlth  +++.......               (no ring)
                                (no ring)

@: very slightly contaminated, not resistant to hostile enchantments, fairly
stealthy
A: change form in water, swift swim
a: no special abilities


You were on level 1 of the Dungeon.
You were not hungry.

You visited 1 branch of the dungeon, and saw 2 of its levels.

You collected 53 gold pieces.

Inventory:

Hand Weapons
 a - a +1 dagger
 o - a +1 short sword of venom (weapon)
Missiles
 n - 8 tomahawks (quivered)
Armour
 b - a +1 robe (worn)
Jewellery
 h - an uncursed amulet of guardian spirit {unknown}
 i - an uncursed ring of sustain attributes {unknown}
Scrolls
 g - a scroll of remove curse {unknown}
 j - a scroll of identify {unknown}
 m - 2 scrolls of random uselessness {unknown}
Potions
 e - a potion of lignification {unknown}
 f - a potion of brilliance {unknown}
 k - a potion of heal wounds {unknown}
 l - a potion of curing {unknown}
 p - 2 potions of might {unknown}
Books
 c - a book of Maledictions

   Spells                             Type                      Level
   a - Corona                         Hexes                        1
   b - Ensorcelled Hibernation        Hexes/Ice                    2
   c - Confuse                        Hexes                        3
   d - Tukima's Dance                 Hexes                        3
   e - Dazzling Spray                 Conjuration/Hexes            3
Comestibles
 d - 2 bread rations
 q - 4 chunks of flesh


   Skills:
 - Level 1.2 Short Blades
 - Level 2.6 Dodging
 + Level 4.0 Stealth
 + Level 2.4 Spellcasting
 + Level 3.6 Hexes
 + Level 1.0 Ice Magic


You couldn't memorise any spells.
You knew the following spells:

 Your Spells              Type           Power        Failure   Level  Hunger
a - Corona                Hex            ##.....      6%          1    #......
b - Ensorcelled Hibernat  Hex/Ice        #.....       14%         2    ###....
c - Tukima's Dance        Hex            ##......     17%         3    ###....


Dungeon Overview and Level Annotations

Branches:
Dungeon (2/15)

Altars:

Annotations:
D:1 Natasha


Message History

Aim: Natasha (chance to defeat MR: 39%) Natasha resists with some effort.
Natasha barely misses you.
The hobgoblin hits you but does no damage.
The worm bites you.
* * * LOW HITPOINT WARNING * * *
Natasha barely misses you.
The hobgoblin hits you but does no damage.
You climb upwards.
There is a stone staircase leading down here.
You hit Natasha.
Natasha is poisoned.
Natasha is lightly wounded.
Natasha mumbles some strange words.
The hobgoblin barely misses you. The worm closely misses you.
You hit the worm.
The worm is moderately wounded.
Natasha stares at you and mumbles some strange words.
You resist with significant effort. The hobgoblin barely misses you.
You hit the hobgoblin but do no damage.
The hobgoblin is poisoned.
Natasha closely misses you. The worm bites you.
You die...

#...##...............##....###
#...#########.#########.......
#.........# #.##########.#....
#...#####.###.................
#...# #...........####.#.###
#...# #..................#
#...# #....5)............#
#...# #...w)h............###
#...# #.###@g...............
#########.##########..........
#.........# #............
###.........# #...###.#....
#...........# #...# #.#....
#.(...รท.....# #...# #.#....
#.......##.## #...# #.#....
#######.##.##############.#.###
#.##................#.###


You could see a worm, Natasha, a shadow imp and a hobgoblin.

Vanquished Creatures
  An adder (D:2)
  A ball python (D:1)
  3 giant cockroaches
  5 goblins
  6 hobgoblins
  5 jackals
  6 bats
  3 giant newts
  5 kobolds
  3 rats (D:1)
38 creatures vanquished.

Vanquished Creatures (collateral kills)
  A hobgoblin (D:2)
1 creature vanquished.

Vanquished Creatures (others)
  A dancing weapon (D:2)
1 creature vanquished.

Grand Total: 40 creatures vanquished

Notes
Turn   | Place    | Note
--------------------------------------------------------------
     0 | D:1      | MenacingMecha the Merfolk Enchanter began the quest for the Orb.
     0 | D:1      | Reached XP level 1. HP: 13/13 MP: 3/3
   173 | D:1      | Reached XP level 2. HP: 16/19 MP: 3/5
   212 | D:1      | Learned a level 2 spell: Ensorcelled Hibernation
  1034 | D:2      | Reached XP level 3. HP: 22/24 MP: 4/6
  1225 | D:1      | Learned a level 3 spell: Tukima's Dance
  1506 | D:2      | Reached skill level 4 in Stealth
  1506 | D:2      | Reached skill level 1 in Ice Magic
  1532 | D:2      | Noticed Natasha
  1716 | D:1      | Slain by a worm

Action                   || total
-------------------------++-------
Melee: Dagger            ||   105
       Short sword       ||    19
 Cast: Corona            ||     9
       Ensorcelled Hiber ||     8
       Tukima's Dance    ||     3
 Stab: Sleeping          ||     7
  Eat: Chunk             ||     4
